 Dungeon Crawl Stone Soup version 0.20.1-1-g8b1a95d (webtiles) character file.

56 Irenicus the Insei (level 3, 0/39 HPs)
             Began as an Octopode Chaos Knight on Oct 17, 2017.
             Succumbed to a worker ant's poison
             ... on level 3 of the Dungeon.
             The game lasted 00:02:50 (970 turns).

Irenicus the Insei (Octopode Chaos Knight)           Turns: 970, Time: 00:02:50

Health: 0/39       AC:  1    Str: 16    XL:     3   Next: 95%
Magic:  3/3        EV: 19    Int: 14    God:    Xom [..*...]
Gold:   92         SH:  0    Dex: 17    Spells: 2/2 levels left

rFire    . . .     SeeInvis .     - Unarmed
rCold    . . .     Gourm    .   (no shield)
rNeg     . . .     Faith    .   (helmet restricted)
rPois    .         Spirit   .   h - amulet of magic regeneration
rElec    .         Reflect  .   o - ring of wizardry
rCorr    .         Harm     .   (no ring)
MR       .....                  (no ring)
Stlth    ..........             (no ring)
Regen    0.2/turn               (no ring)
MPRegen  0.2/turn               (no ring)
                                (no ring)
                                (no ring)

@: agile, berserking (expiring), lethally poisoned (0 -> -9), very slightly
contaminated, invisible, very quick
A: almost no armour, stealthy swim, amphibious, 8 rings, constrict 8, camouflage
1, gelatinous body 1
a: Renounce Religion


You were on level 3 of the Dungeon.
You worshipped Xom.
You were a toy of Xom.
You were not hungry.

You visited 1 branch of the dungeon, and saw 4 of its levels.

You collected 92 gold pieces.

Inventory:

Jewellery
 h - an amulet of magic regeneration (around mantle)
 o - a ring of wizardry (left tentacle)
Scrolls
 b - 5 scrolls of identify {unknown}
 c - a scroll of fog {unknown}
 e - 3 scrolls of amnesia {unknown}
 i - 3 scrolls of teleportation {unknown}
 j - a scroll of remove curse {unknown}
 l - a scroll of immolation {unknown}
 q - a scroll of recharging {unknown}
 r - a scroll of enchant armour {unknown}
Potions
 d - a potion of magic
 m - a potion of heal wounds {unknown}
 n - a potion of cancellation {unknown}
 p - a potion of degeneration {unknown}
Comestibles
 a - a bread ration


   Skills:
 - Level 3.0 Fighting
 - Level 2.3 Dodging
 + Level 1.5 Stealth
 + Level 4.4 Unarmed Combat


You had 2 spell levels left.
You didn't know any spells.

Dungeon Overview and Level Annotations

Branches:
Dungeon (4/15)
 Temple: D:4-7

Altars:

Annotations:
D:4 Irenicus's ghost, amateur OpCK


Innate Abilities, Weirdness & Mutations

You cannot wear most types of armour.
You are very stealthy in the water. (Stealth+)
You are amphibious.
You can wear up to eight rings at the same time.
You can use your tentacles to constrict eight enemies at once.
Your skin changes colour to match your surroundings (Stealth+).
Your rubbery body absorbs attacks. (AC +1, EV +1)


Message History

You constrict the worker ant.
* * * LOW HITPOINT WARNING * * *
You feel sick. The worker ant misses you.
You are very lightly contaminated with residual magic.
It was a potion of agility.
You feel agile all of a sudden.
Xom roars with laughter!
You constrict the worker ant.
* * * LOW HITPOINT WARNING * * *
You feel sick. The worker ant misses you.
It was a potion of berserk rage.
A red film seems to cover your vision as you go berserk!
You feel yourself moving faster!
You feel mighty!
You constrict the worker ant.
You kill the worker ant!
Your Stealth skill increases to level 1!
* * * LOW HITPOINT WARNING * * *
You feel sick.
You feel a strong urge to attack something.
You die...
Xom is highly amused!

### ..# #.#
#.#######.
#####.#.......
##..>..@.####
#...........#
#..##....##.#
#.............
....##..........
...g .....##.#.
.... ##....# ...
.... ##.#.# #.
#.#.#


You could see a hobgoblin.

Vanquished Creatures
  A worker ant (D:3)
  A dart slug (D:1)
  2 leopard geckos
  6 bats
  3 giant cockroaches
  2 goblins
  2 hobgoblins (D:1)
  A ball python (D:2)
  3 frilled lizards (D:1)
  2 kobolds (D:1)
  4 rats
27 creatures vanquished.

Notes
Turn   | Place    | Note
-------+----------+-------------------------------------------
     0 | D:1      | Irenicus the Octopode Chaos Knight began the quest for the Orb.
     0 | D:1      | Reached XP level 1. HP: 16/16 MP: 1/1
   100 | D:1      | XOM: harmless Tmut miscast
   107 | D:1      | Reached XP level 2. HP: 18/21 MP: 2/2
   324 | D:1      | XOM: divination: detect creatures
   338 | D:1      | XOM: harmless Tloc miscast
   478 | D:1      | XOM: harmless Erth miscast
   572 | D:2      | XOM: stealth player
   659 | D:2      | Reached XP level 3. HP: 26/26 MP: 3/3
   666 | D:2      | Reached skill level 4 in Unarmed Combat
   853 | D:2      | You fall through a shaft for 2 floors!
   853 | D:4      | Noticed an ogre
   872 | D:4      | Noticed Irenicus's ghost (amateur OpCK)
   898 | D:4      | XOM: divination: detect items
   967 | D:3      | HP: 1/26 [poisoned by a worker ant]
   968 | D:3      | Reached skill level 1 in Stealth
   970 | D:3      | Succumbed to a worker ant's poison

Skill      XL: |  1  2  3 |
---------------+----------+-----
Unarmed Combat | 4 |  4.4
Stealth        | 1 |  1.5
Fighting       | |  3.0
Dodging        | |  2.3

Action                   || total
-------------------------++-------
Melee: Unarmed           ||    48
       Constrict         ||    13
       Tentacles         ||     7
       Punch             ||     1
  Use: Potion            ||     4
 Stab: Sleeping          ||     6
Armor: Skin              ||     2
Dodge: Dodged            ||    37
